 Dungeon Crawl Stone Soup version 0.28.0-43-g3370ac3207 (webtiles) character file.

Game seed: 6686011113968888409

609 Ablot the Grasshopper (level 7, 0/56 HPs)
             Began as a Gnoll Warper on Mar 17, 2022.
             Slain by a water moccasin (8 damage)
             ... on level 5 of the Dungeon.
             The game lasted 00:06:27 (4705 turns).

Ablot the Grasshopper (Gnoll Warper)                Turns: 4705, Time: 00:06:27

Health: 0/56       AC:  8    Str: 19    XL:     7   Next: 43%
Magic:  23/24      EV: 13    Int: 12    God:
Gold:   159        SH:  0    Dex: 11    Spells: 15/17 levels left

rFire   . . .      SeeInvis .   a - +0 trident
rCold   . . .      Faith    .   (no shield)
rNeg    . . .      Spirit   .   A - +2 robe of Henotheism {Will+}
rPois   .          Reflect  .   y - +0 helmet
rElec   .          Harm     .   (no cloak)
rCorr   .          Rampage  .   (no gloves)
Will    +....                   D - +2 pair of boots
Stlth   ++........              (no amulet)
HPRegen 0.18/turn               r - +6 ring of strength
MPRegen 0.19/turn               s - ring of magical power

@: no status effects
A: fangs 1, strong nose, distributed training
a: no special abilities


You were on level 5 of the Dungeon.
You visited 1 branch of the dungeon, and saw 5 of its levels.

You collected 211 gold pieces.
You spent 52 gold pieces at shops.

Inventory:

Hand Weapons
 a - a +0 trident (weapon)
Missiles
 d - 5 boomerangs of dispersal
 l - 52 sling bullets
 m - 8 poisoned darts (quivered)
 p - 5 boomerangs
 q - 73 arrows
 u - 166 stones
Armour
 y - a +0 helmet (worn)
 A - the +2 robe of Henotheism (worn) {Will+}
   (You found it on level 3 of the Dungeon)

   Will:      It increases your willpower.
 D - a +2 pair of boots (worn)
Jewellery
 r - a +6 ring of strength (left hand)
 s - a ring of magical power (right hand)
Wands
 b - a wand of flame (26)
Scrolls
 c - 3 scrolls of blinking
 e - 5 scrolls of identify {unknown}
 f - a scroll of immolation {unknown}
 i - a scroll of fog {unknown}
 j - a scroll of amnesia {unknown}
 n - a scroll of noise {unknown}
 x - a scroll of teleportation {unknown}
 C - a scroll of enchant armour {unknown}
Potions
 g - a potion of might {unknown}
 h - 2 potions of invisibility {unknown}
 k - 4 potions of brilliance {unknown}
 o - a potion of curing
 t - 3 potions of heal wounds {unknown}
 v - a potion of attraction {unknown}
 w - a potion of haste {unknown}
 z - a potion of ambrosia {unknown}
 B - a potion of cancellation {unknown}


   Skills:
 + Level 5.2 Fighting
 + Level 2.5 Short Blades
 + Level 2.5 Long Blades
 + Level 2.5 Axes
 + Level 2.5 Maces & Flails
 + Level 5.2 Polearms
 + Level 2.5 Staves
 + Level 2.5 Slings
 + Level 2.5 Bows
 + Level 2.5 Crossbows
 + Level 3.6 Throwing
 + Level 3.6 Armour
 + Level 5.2 Dodging
 + Level 2.5 Stealth
 + Level 2.5 Shields
 + Level 2.5 Unarmed Combat
 + Level 5.6 Spellcasting
 + Level 2.0 Conjurations
 + Level 2.0 Hexes
 + Level 2.0 Summonings
 + Level 2.0 Necromancy
 + Level 5.8 Translocations
 + Level 2.0 Transmutations
 + Level 2.0 Fire Magic
 + Level 2.0 Ice Magic
 + Level 2.0 Air Magic
 + Level 2.0 Earth Magic
 + Level 2.0 Poison Magic
 + Level 2.7 Invocations
 + Level 2.5 Evocations


You had 15 spell levels left.
You knew the following spells:

 Your Spells              Type           Power      Damage    Failure   Level
a - Blink                 Tloc           34%        N/A       2%          2

Your spell library contained the following spells:

 Spells                   Type           Power      Damage    Failure   Level
 Gell's Gravitas          Tloc           17%        N/A       4%          3
 Lesser Beckoning         Tloc           17%        N/A       4%          3
 Teleport Other           Tloc           17%        N/A       4%          3
 Manifold Assault         Tloc           17%        N/A       43%         5


Dungeon Overview and Level Annotations

Branches:
Dungeon (5/15)             Temple (0/1) D:5

Altars:

Shops:
D:1 !   D:3 (


Innate Abilities, Weirdness & Mutations

You have very sharp teeth.
Your uncanny sense of smell can sniff out nearby items.
Your experience applies equally to all skills.


Message History

The water moccasin bites you but does no damage.
Unknown command.
You hit the water moccasin.
The water moccasin is heavily wounded.
You feel sick.
The water moccasin bites you but does no damage.
You closely miss the water moccasin. Your bite misses the water moccasin.
The water moccasin is heavily wounded.
You feel sick.
The water moccasin bites you but does no damage.
The water moccasin bites you!
* * * LOW HITPOINT WARNING * * *
You miss the water moccasin.
The water moccasin is heavily wounded.
You feel sick. The water moccasin closely misses you.
You miss the water moccasin.
The water moccasin is heavily wounded.
You feel stable enough to blink again.
You feel sick.
The water moccasin bites you but does no damage.
The water moccasin barely misses you.
You hit the water moccasin.
The water moccasin is severely wounded.
You feel sick. The water moccasin bites you.
* * * LOW HITPOINT WARNING * * *
You hit the water moccasin but do no damage.
The water moccasin is severely wounded.
You feel sick.
The water moccasin bites you but does no damage.
The water moccasin misses you.
You hit the water moccasin but do no damage.
You bite the water moccasin, but do no damage.
The water moccasin is severely wounded.
You feel sick.
You are no longer poisoned.
The water moccasin barely misses you.
You hit the water moccasin.
The water moccasin is severely wounded.
The water moccasin bites you!
You die...

#######.#..........#
#.#
...................#
#..
.#......#...........#..
..##..#...##........#.
##..######.......# ∆
##..####........# ##.
##.........#.#+##.#
.....#.S>...#.. # #.#
.......@...#..# #.#
.......##.## ## #.#
......# ##∆ # #.#
...... #.##.# .....#
#....# ..... #<# ...#
#.# ... #.# ..#


You could see a water moccasin.

Vanquished Creatures
  Sigmund (D:3)
  A centaur (D:5)
  A howler monkey (D:4)
  A hound (D:5)
  2 orc priests
  3 orc wizards
  A scorpion zombie (D:5)
  A hound skeleton (D:5)
  Robin (D:3)
  3 adders
  2 worms
  2 dart slugs (D:2)
  6 orcs
  5 ball pythons
  6 bats
  4 endoplasms
  A giant cockroach (D:2)
  11 goblins
  9 hobgoblins
  7 jackals
  2 quokkas (D:1)
  3 frilled lizards (D:1)
  2 kobolds
  6 rats
81 creatures vanquished.

Vanquished Creatures (others)
  2 plants (D:4)
2 creatures vanquished.

Grand Total: 83 creatures vanquished

Notes
Turn   | Place    | Note
-------+----------+-------------------------------------------
     0 | D:1      | Ablot the Gnoll Warper began the quest for the Orb.
     0 | D:1      | Reached XP level 1. HP: 20/20 MP: 6/6
   174 | D:1      | Found Oben's Distillery.
   177 | D:1      | Reached XP level 2. HP: 22/26 MP: 7/7
   180 | D:1      | Learned a level 2 spell: Blink
   236 | D:1      | Bought a potion of degeneration for 13 gold pieces
   954 | D:1      | Bought a potion of curing for 39 gold pieces
   978 | D:1      | Reached XP level 3. HP: 12/31 MP: 9/9
   986 | D:1      | Reached skill level 5 in Spellcasting
  1606 | D:2      | Found a faded altar of an unknown god.
  1617 | D:2      | Reached skill level 1 in Invocations
  1676 | D:2      | Reached skill level 1 in Short Blades
  1676 | D:2      | Reached skill level 1 in Long Blades
  1676 | D:2      | Reached skill level 1 in Axes
  1676 | D:2      | Reached skill level 1 in Maces & Flails
  1676 | D:2      | Reached skill level 1 in Staves
  1676 | D:2      | Reached skill level 1 in Slings
  1676 | D:2      | Reached skill level 1 in Bows
  1676 | D:2      | Reached skill level 1 in Crossbows
  1676 | D:2      | Reached skill level 1 in Stealth
  1676 | D:2      | Reached skill level 1 in Shields
  1676 | D:2      | Reached skill level 1 in Unarmed Combat
  1676 | D:2      | Reached skill level 1 in Evocations
  2080 | D:3      | Noticed Robin
  2083 | D:3      | Reached XP level 4. HP: 35/38 MP: 11/11
  2095 | D:3      | Killed Robin
  2389 | D:3      | You fall into a shaft and drop 1 floor!
  2398 | D:4      | Noticed Blork the orc
  2401 | D:4      | Noticed Blork
  2401 | D:4      | Blork the orc changed into Blork the howler monkey
  2411 | D:4      | Killed Blork the howler monkey
  2412 | D:4      | Reached skill level 1 in Conjurations
  2412 | D:4      | Reached skill level 1 in Hexes
  2412 | D:4      | Reached skill level 1 in Summonings
  2412 | D:4      | Reached skill level 1 in Necromancy
  2412 | D:4      | Reached skill level 1 in Transmutations
  2412 | D:4      | Reached skill level 1 in Fire Magic
  2412 | D:4      | Reached skill level 1 in Ice Magic
  2412 | D:4      | Reached skill level 1 in Air Magic
  2412 | D:4      | Reached skill level 1 in Earth Magic
  2412 | D:4      | Reached skill level 1 in Poison Magic
  2412 | D:4      | Reached XP level 5. HP: 26/43 MP: 12/12
  2828 | D:3      | Identified the +2 robe of Henotheism {Will+}
  2875 | D:3      | Noticed Sigmund
  2897 | D:3      | Killed Sigmund
  2898 | D:3      | Reached skill level 5 in Fighting
  2898 | D:3      | Reached skill level 5 in Polearms
  2898 | D:3      | Reached skill level 5 in Dodging
  2898 | D:3      | Reached XP level 6. HP: 51/51 MP: 14/14
  3087 | D:3      | Found Vemarch's Antique Weapon Emporium.
  4347 | D:5      | Entered Level 5 of the Dungeon
  4472 | D:5      | Reached XP level 7. HP: 49/56 MP: 15/15
  4686 | D:5      | Found a staircase to the Ecumenical Temple.
  4705 | D:5      | Slain by a water moccasin

Illustrated notes

Levels and vault maps discovered:
D:1:      lordsloth_arrival_two_stooges, layout_basic, serial_shops,
          nicolae_shop_hallway_stairs
D:2:      layout_rooms, basic_ecumenical_altar
D:3:      layout_loops_ring, serial_shops, shop, uniq_robin, uniq_sigmund
D:4:      nicolae_cairo_tiling_very_big, layout_basic,
          hangedman_abyss_or_decor_stabs, serial_bayou_lagoon_b,
          uniq_blork_the_orc
D:5:      layout_basic, minmay_temple_entry_wispy

Skill      XL: |  1  2  3  4  5  6  7 |
---------------+----------------------+-----
Spellcasting   | 5 |  5.6
Invocations    | 1 2 |  2.7
Short Blades   | 1 2 |  2.5
Long Blades    | 1 2 |  2.5
Axes           | 1 2 |  2.5
Maces & Flails | 1 2 |  2.5
Staves         | 1 2 |  2.5
Slings         | 1 2 |  2.5
Bows           | 1 2 |  2.5
Crossbows      | 1 2 |  2.5
Stealth        | 1 2 |  2.5
Shields        | 1 2 |  2.5
Unarmed Combat | 1 2 |  2.5
Evocations     | 1 2 |  2.5
Conjurations   | 1 2 |  2.0
Hexes          | 1 2 |  2.0
Summonings     | 1 2 |  2.0
Necromancy     | 1 2 |  2.0
Transmutations | 1 2 |  2.0
Fire Magic     | 1 2 |  2.0
Ice Magic      | 1 2 |  2.0
Air Magic      | 1 2 |  2.0
Earth Magic    | 1 2 |  2.0
Poison Magic   | 1 2 |  2.0
Throwing       | 3 |  3.6
Armour         | 3 |  3.6
Fighting       | 5 |  5.2
Polearms       | 5 |  5.2
Dodging        | 5 |  5.2
Translocations | |  5.8

Action                   |  1- 3 |  4- 6 |  7- 9 || total
-------------------------+-------+-------+-------++-------
Melee: Spear             |   144 |       |       ||   144
       Bite              |    14 |    20 |     3 ||    37
       Punch             |     3 |     4 |     1 ||     8
       Trident           |     6 |   134 |    48 ||   188
Throw: Boomerang         |     2 |       |       ||     2
       Dart              |       |     3 |     4 ||     7
 Cast: Blink             |       |       |     1 ||     1
Evoke: Wand              |       |     4 |       ||     4
 Stab: Sleeping          |       |     1 |       ||     1
Armor: Leather armour    |    20 |     2 |       ||    22
       Animal skin       |       |     4 |       ||     4
       Robe              |       |    25 |    18 ||    43
Dodge: Dodged            |    90 |    91 |    33 ||   214
